 Dungeon Crawl Stone Soup version 0.29.0-4-gdea44cf6ec (webtiles) character file.

Game seed: 15589385046725575624

11 qw the Sneak (level 2, -2/19 HPs)
             Began as a Gargoyle Delver on Sept 10, 2022.
             Slain by an iguana (12 damage)
             ... on level 4 of the Dungeon.
             The game lasted 00:00:06 (376 turns).

qw the Sneak (Gargoyle Delver)                       Turns: 376, Time: 00:00:06

Health: -2/19      AC:  5    Str: 15    XL:     2   Next: 29%
Magic:  2/2        EV: 11    Int: 10    God:
Gold:   4          SH:  0    Dex: 11    Spells: 1/1 levels left

rFire   . . .      SeeInvis .   a - +0 hand axe
rCold   . . .      Faith    .   (no shield)
rNeg    + . .      Spirit   .   b - +0 leather armour
rPois   inf        Reflect  .   (no helmet)
rElec   +          Harm     .   (no cloak)
rCorr   .          Rampage  .   (no gloves)
Will    .....                   (no boots)
Stlth   +++.......              (no amulet)
HPRegen 0.06/turn               (no ring)
MPRegen 0.08/turn               (no ring)

@: no status effects
A: sickness immunity, AC +2, negative energy resistance 1, electricity
resistance, torment resistance 1, petrification resistance
a: no special abilities


You were on level 4 of the Dungeon.
You visited 1 branch of the dungeon, and saw 2 of its levels.

You collected 4 gold pieces.


Innate Abilities, Weirdness & Mutations

You are immune to sickness and miasma.
Your stone body is resilient. (AC +2)
You are immune to poison.
You resist negative energy. (rN+)
You are resistant to electric shocks. (rElec)
You are resistant to unholy torment.
You are immune to petrification.


   Skills:
 - Level 3.2 Fighting
 + Level 2.6 Axes
 - Level 1.5 Dodging
 - Level 5.4 Stealth


You had one spell level left.
You didn't know any spells.
Your spell library was empty.

Inventory:

Hand Weapons
 a - a +0 hand axe (weapon)
Armour
 b - a +0 leather armour (worn)
Wands
 g - a wand of digging (3)
Potions
 f - a potion of haste

Dungeon Overview and Level Annotations

Branches:
Dungeon (5/15)
 Temple: D:4-7

Altars:


Message History

HP restored.
A kobold comes into view. It is wielding a +0 short sword.
304 ||| Stepping ~*~*~tactically~*~*~ (stealth).
305 ||| Stepping ~*~*~tactically~*~*~ (stealth).
306 ||| Stepping ~*~*~tactically~*~*~ (stealth).
321 ||| Stepping ~*~*~tactically~*~*~ (stealth).
Found a stone staircase leading up.
You hear the brisk rusting of a very distant drain.
A kobold is nearby!
324 ||| Stepping ~*~*~tactically~*~*~ (stealth).
The kobold shouts!
The kobold throws a stone.
The stone closely misses you.
The kobold throws a stone.
The stone hits you but does no damage.
The kobold throws a stone.
The stone hits you.
The kobold throws a stone.
The stone misses you.
You closely miss the kobold. The kobold barely misses you.
You hit the kobold.
You kill the kobold!
You start resting.
HP restored.
You now have 4 gold pieces.
Things that are here:
a +0 short sword; 10 stones; a kobold corpse
Found a spear.
Found a scroll of magic mapping.
Enter note: An iguana comes into view.
The iguana hisses angrily.
You hear the brisk rusting of a drain nearby.
You hit the iguana but do no damage. The iguana misses you.
You hit the iguana.
The iguana is lightly wounded.
The iguana bites you. x2
You hit the iguana but do no damage.
The iguana is lightly wounded.
The iguana bites you!
Ouch! That really hurt!
You die...

.##.....##..#.#
.##.........#.#
.##.....##..#.# #
.##.....##....### .#
.##.....##......# ..#
.#####..##...##.# ...#
..##.........##.# .....
#..).###.....##.##......
...### ###......@l..$.#
..## #.......#.?..# ..#
...)..#### ...# #.#
.......# ..# #.#
.#....... ... #.#
.....#... .. #.# .#.#. .
#<# ..


You could see an iguana.

Vanquished Creatures
  An adder (D:4)
  A hobgoblin (D:4)
  A kobold (D:4)
3 creatures vanquished.

Notes
Turn   | Place    | Note
-------+----------+-------------------------------------------
     0 | D:5      | qw the Gargoyle Delver began the quest for the Orb.
     0 | D:5      | Reached XP level 1. HP: 14/14 MP: 1/1
     0 | D:5      | 0 ||| qw: Version: 0.1-a-116-g5d60599
     0 | D:5      | 0 ||| qw: Game counter: 8364
     0 | D:5      | 0 ||| qw: Always use a shield: true
     0 | D:5      | 0 ||| qw: God list: Okawaru
     0 | D:5      | 0 ||| qw: Allow faded altars: false
     0 | D:5      | 0 ||| qw: Do Orc after D:15 true
     0 | D:5      | 0 ||| qw: Do second Lair branch before Depths: true
     0 | D:5      | 0 ||| qw: Lair rune preference: random
     0 | D:5      | 0 ||| qw: Plans: Normal
     0 | D:5      | 0 ||| PLANNING D:1-11
    11 | D:5      | 11 ||| DROPPING scroll of fog.
    12 | D:5      | 12 ||| DROPPING scroll of magic mapping.
    13 | D:5      | 13 ||| DROPPING scroll of fear.
    22 | D:4      | 22 ||| PLANNING SEWER
    38 | D:4      | HP: 2/14 [adder (2)]
    40 | D:4      | Reached XP level 2. HP: 3/19 MP: 2/2
   304 | D:4      | 304 ||| Stepping ~*~*~tactically~*~*~ (stealth).
   305 | D:4      | 305 ||| Stepping ~*~*~tactically~*~*~ (stealth).
   306 | D:4      | 306 ||| Stepping ~*~*~tactically~*~*~ (stealth).
   321 | D:4      | 321 ||| Stepping ~*~*~tactically~*~*~ (stealth).
   324 | D:4      | 324 ||| Stepping ~*~*~tactically~*~*~ (stealth).
   376 | D:4      | Slain by an iguana

Levels and vault maps discovered:
D:4:      layout_rooms, serial_shops, shop_fountains, portal_sewer_entry_a,
          hangedman_decor_points
D:5:      layout_rooms, elyvilon_altar_5, serial_glass, glass_columns_b,
          glass_columns_c, minmay_strange_pillars, hangedman_decor_slide_cut

Skill      XL: |  1 |
---------------+----+-----
Axes           | 2 |  2.6
Fighting       | |  3.2
Dodging        | |  1.5
Stealth        | |  5.4

Action                   || total
-------------------------++-------
Melee: Hand axe          ||    21
Armor: Leather armour    ||     8
Dodge: Dodged            ||    20

Table legend:
 A = Non-vault XP
 B = Vault XP
 C = Vault XP percentage of total XP
 D = Non-vault monster count
 E = Vault monster count
 F = Vault count percentage of total count
                 A         B        C        D         E       F
            +---------+---------+-------+---------+---------+-------
      Total |      17 |       0 |   0.0 |       3 |       0 |   0.0
            +---------+---------+-------+---------+---------+-------
        D:4 |      17 |       0 |   0.0 |       3 |       0 |   0.0
            +---------+---------+-------+---------+---------+-------
